 Dungeon Crawl Stone Soup version 0.28.0-43-g3370ac3207 (console) character file.

Game seed: 9204085808452533952

25 Zeor the Sneak (level 3, -3/16 HPs)
             Began as a Vine Stalker Enchanter on Apr 1, 2022.
             Slain by a gnoll
             ... wielding a +0 club
              (4 damage)
             ... on level 2 of the Dungeon.
             The game lasted 00:02:35 (950 turns).

Zeor the Sneak (Vine Stalker Enchanter)              Turns: 950, Time: 00:02:35

Health: -3/16      AC:  2    Str: 10    XL:     3   Next: 6%
Magic:  0/7        EV:  9    Int: 17    God:
Gold:   14         SH:  0    Dex: 14    Spells: 5/7 levels left

rFire   . . .      SeeInvis .   a - +1 dagger
rCold   . . .      Faith    .   (no shield)
rNeg    . . .      Spirit   +   b - +0 robe
rPois   .          Reflect  .   (no helmet)
rElec   .          Harm     .   (no cloak)
rCorr   .          Rampage  .   (no gloves)
Will    .....                   (no boots)
Stlth   +++.......              (no amulet)
HPRegen 0.05/turn               (no ring)
MPRegen 0.10/turn               (no ring)

@: very slightly contaminated, constricted
A: fangs 2, magic shield, antimagic bite, no potion heal 2
a: no special abilities


You were on level 2 of the Dungeon.
You visited 1 branch of the dungeon, and saw 2 of its levels.

You collected 14 gold pieces.

Inventory:

Hand Weapons
 a - a +1 dagger (weapon)
Missiles
 d - 19 arrows
Armour
 b - a +0 robe (worn)
Scrolls
 e - a scroll of identify
 f - 2 scrolls of fog {unknown}
Potions
 c - a potion of invisibility


   Skills:
 + Level 1.3 Short Blades
 + Level 1.6 Dodging
 + Level 4.0 Stealth
 * Level 2.5 Spellcasting
 + Level 3.3 Hexes


You had 5 spell levels left.
You knew the following spells:

 Your Spells              Type           Power      Damage    Failure   Level
a - Ensorcelled Hibernat  Hex/Ice        14%        N/A       14%         2

Your spell library contained the following spells:

 Spells                   Type           Power      Damage    Failure   Level
 Confusing Touch          Hex            13%        N/A       14%         3
 Tukima's Dance           Hex            13%        N/A       14%         3
 Dazzling Flash           Conj/Hex       14%        N/A       28%         3


Dungeon Overview and Level Annotations

Branches:
Dungeon (2/15)

Altars:


Innate Abilities, Weirdness & Mutations

You have extremely sharp teeth.
When hurt, damage is shared between your health and your magic reserves.
Your bite disrupts and absorbs the magic of your enemies.
Potions cannot restore your health.


Message History

The helpless gnoll fails to defend itself.
You puncture the gnoll!
You kill the gnoll!
A hobgoblin comes into view.
Your Stealth skill increases to level 4!
You have reached level 3!
Your experience leads to an increase in your attributes!
Increase (S)trength, (I)ntelligence, or (D)exterity?
You feel clever. x2
Casting: Ensorcelled Hibernation (safe; 14% risk of failure)
Confirm with . or Enter, or press ? or * to list all spells.
Aiming: Ensorcelled Hibernation (safe; 14% risk of failure)
Press: ? - help, Shift-Dir - straight line, f - gnoll
Aim: a gnoll, wielding a +0 club (chance to affect: 50%)
You miscast Ensorcelled Hibernation.
You are very lightly contaminated with residual magic.
Nothing appears to happen.
The gnoll barely misses you.
Casting: Ensorcelled Hibernation (safe; 14% risk of failure)
Confirm with . or Enter, or press ? or * to list all spells.
You don't have enough magic to cast this spell.
Unknown command.
You hit the gnoll.
The gnoll is lightly wounded.
The gnoll barely misses you. The ball python bites you.
The ball python grabs you. The ball python constricts you.
The ball python's grasp on you weakens, but your attempt to escape fails.
The ball python bites you. The ball python constricts you.
The gnoll hits you with a +0 club!
Ouch! That really hurt!
* * * LOW HITPOINT WARNING * * *
The hobgoblin barely misses you.
You hit the gnoll but do no damage.
The gnoll is lightly wounded.
The ball python bites you.
* * * LOW HITPOINT WARNING * * *
The ball python constricts you.
* * * LOW HITPOINT WARNING * * *
The gnoll hits you with a +0 club.
You die... ▒∙∙∙∙∙∙∙∙∙∙▒∙∙∙∙▒∙▒∙▒▒▒ ▒▒∙∙∙∙∙▒▒∙∙∙▒∙∙∙∙▒∙▒∙∙∙▒ ∙∙∙∙∙∙∙

▒∙∙∙▒∙∙∙∙▒∙▒▒▒∙▒
▒∙∙∙∙∙∙▒▒∙∙∙▒∙∙∙∙▒∙▒∙∙∙∙
▒∙∙∙∙∙∙▒∙∙∙∙▒∙∙∙∙▒∙▒∙∙∙∙
∙▒∙∙∙∙∙▒∙∙∙▒▒∙∙∙∙▒∙▒∙∙∙∙
∙∙$∙∙∙)∙∙∙∙∙▒∙∙∙∙▒∙▒▒▒∙▒
∙∙∙∙▒▒gS∙∙∙▒ ▒∙∙∙∙∙▒ ∙∙
▒fg∙▒∙▒∙∙ ▒▒▒▒▒▒▒
▒<∙∙∙∙∙∙∙∙ ▒∙∙∙∙▒∙∙∙∙
▒∙∙∙∙■∙∙∙∙∙ ▒∙∙∙∙▒∙S∙∙∙
∙∙▒∙∙▒


∙∙∙∙ ▒▒▒▒∙∙∙ ∙▒▒▒ ∙▒ You could see a gnoll, a hobgoblin and a ball python.

Vanquished Creatures
  A gnoll (D:2)
  A dart slug (D:1)
  2 endoplasms (D:1)
  A giant cockroach (D:2)
  A hobgoblin (D:2)
  A quokka (D:2)
  A ball python (D:1)
  4 bats
  A frilled lizard (D:1)
  2 kobolds
15 creatures vanquished.

Notes
Turn   | Place    | Note
-------+----------+-------------------------------------------
     0 | D:1      | Zeor the Vine Stalker Enchanter began the quest for the
                  | Orb.
     0 | D:1      | Reached XP level 1. HP: 9/9 MP: 4/4
   200 | D:1      | Reached skill level 1 in Short Blades
   200 | D:1      | Reached XP level 2. HP: 13/13 MP: 6/6
   293 | D:1      | Learned a level 2 spell: Ensorcelled Hibernation
   428 | D:1      | Found a faded altar of an unknown god.
   437 | D:1      | You fall into a shaft and drop 1 floor!
   946 | D:2      | Reached skill level 4 in Stealth
   946 | D:2      | Reached XP level 3. HP: 13/16 MP: 2/7
   950 | D:2      | Slain by a gnoll

Illustrated notes

Levels and vault maps discovered:
D:1:      lightli_arrival_noodles, layout_rooms,
          shapermc_ecumenical_altar_acropolis
D:2:      minmay_diamond_boxcup, layout_basic, uniq_natasha,
          uniq_crazy_yiuf_cottage

Skill      XL: |  1  2 |
---------------+-------+-----
Short Blades   | 1 |  1.3
Stealth        | 4 |  4.0
Dodging        | |  1.6
Spellcasting   | |  2.5
Hexes          | |  3.3

Action                   || total
-------------------------++-------
Melee: Dagger            ||    33
       Bite              ||     5
 Cast: Ensorcelled Hiber ||     7
  Use: Scroll            ||     2
 Stab: Sleeping          ||     7
Armor: Robe              ||     2
Dodge: Dodged            ||    18
